 Dungeon Sprint DCSS version 0.29-a0-1033-gb6c65ffae6 (webtiles) character file.

Game seed: 11760711784751633761

11787 enile the Warrior (level 12, 0/106 HPs)
             Began as a Djinni Fire Elementalist on Aug 15, 2022.
             Was a High Priest of Cheibriados.
             Slain by an iron golem (7 damage)
             ... in the Dungeon (Sprint V: "Ziggurat Sprint").
             The game lasted 00:14:43 (1930 turns).

enile the Warrior (Djinni Fire Elementalist)        Turns: 1930, Time: 00:14:44

Health: 0/106      AC: 21    Str: 21    XL:     12   Next: 12%
Gold:   0          EV: 13    Int: 34    God:    Cheibriados [*****.] SH:  4 Dex: 34

rFire   + + +      SeeInvis .   z - +7 great mace "Firestarter" {inner flame, rF++}
rCold   + . .      Faith    .   (shield currently unavailable)
rNeg    . . .      Spirit   .   A - +5 gold dragon scales
rPois   ∞          Reflect  .   (no helmet)
rElec   .          Harm     .   F - scarf {shadows}
rCorr   .          Rampage  .   (no gloves)
Will    +....      NoTele   +   (boots unavailable)
Stlth   ..........              J - amulet of Hinwot {Regen+ Dex+4}
HPRegen 1.07/turn               n - ring of the Octopus King {rC+ HP+2 AC+2 EV+2 SH+2}
MPRegen 0.00/turn               P - ring of the Octopus King {Wiz HP+2 AC+2 EV+2 SH+2}

@: flying, very slow
A: sickness immunity, fire resistance 2, cold vulnerability 1, float, innate
caster, HP casting, extra vitality 1
a: Renounce Religion, Bend Time, Temporal Distortion, Slouch, Step From Time


You were in the Dungeon.
You worshipped Cheibriados.
Cheibriados was extremely pleased with you.
You visited 1 branch

Inventory:

Hand Weapons
 h - the +0 morningstar of Wealth {drain, Fly rN+ Str+3}
   (You found it in the Dungeon)

   A truly terrible weapon, it drains the life of any living foe it strikes.
   Str:       It affects your strength (+3).
   rN:        It protects you from negative energy.
   Fly:       It grants you flight.
 x - the +6 Majin-Bo {vamp, MP+6 Int+6}
   (You found it in the Dungeon)

   It heals its wielder for a portion of the damage dealt when they wound a
   living foe with it or with a spell.
   Its wielder's spells cost health as well as magical power.
   Int:       It affects your intelligence (+6).
   MP:        It affects your magic capacity (+6).
 y - the +9 heavy crossbow "Sniper" {vorpal, Acc+∞ SInv}
   (You found it in the Dungeon)

   Any ammunition fired from it inflicts extra damage upon your enemies.
   Any ammunition fired from it never misses its target.
   SInv:      It lets you see invisible.
 z - the +7 great mace "Firestarter" (weapon) {inner flame, rF++}
   (You found it in the Dungeon)

   It burns those it strikes, dealing additional fire damage.
   It fills those it strikes with an explosive inner flame.
   It grants immunity to clouds of flame.
   rF:        It greatly protects you from fire.
 B - a +2 rapier of draining
 I - a +4 flail of holy wrath
 Q - the +8 mace of the Baking Boar {speed, Will- Int+4}
   (You found it in the Dungeon)

   Attacks with this weapon are significantly faster.
   Int:       It affects your intelligence (+4).
   Will:      It decreases your willpower.
   Cheibriados disapproves of the use of such an item.
Missiles
 v - 2 throwing nets
Armour
 a - a +0 robe
 A - +5 gold dragon scales (worn)
 F - a scarf of shadows (worn)
 K - a +0 cloak of poison resistance
 M - the +1 pair of gloves of Existentialism {Harm rC- Slay-6 SInv}
   (You found it in the Dungeon)

   Slay:      It affects your accuracy & damage with ranged weapons and melee
   (-6).
   rC:        It makes you vulnerable to cold.
   SInv:      It lets you see invisible.
   Harm:      It increases damage dealt and taken.
 R - a +0 kite shield of fire resistance
Magical Staves
 C - a staff of poison
 H - a staff of conjuration
 L - a staff of cold
Jewellery
 c - the ring of Saoddyrr {rF+ Int+3}
   (You found it in the Dungeon)

   [ring of protection from fire]

   Int:       It affects your intelligence (+3).
   rF:        It protects you from fire.
 f - a ring of resist corrosion
 n - a ring of the Octopus King (left hand) {rC+ HP+2 AC+2 EV+2 SH+2}
   (You found it in the Dungeon)

   [ring of protection from cold]

   AC:        It affects your AC (+2).
   EV:        It affects your evasion (+2).
   rC:        It protects you from cold.
   HP:        It affects your health (+2).
   SH:        It affects your SH (+2).
 o - a +6 ring of dexterity
 p - a +6 ring of dexterity
 q - a +6 ring of intelligence
 r - a +6 ring of intelligence
 s - a +6 ring of strength
 t - a +6 ring of strength
 w - the ring of the Messenger {Ice MP+9 Int+2 Dex+5}
   (You took it off a crimson imp in the Dungeon)

   [ring of ice]

   It enhances your ice magic.
   Int:       It affects your intelligence (+2).
   Dex:       It affects your dexterity (+5).
   rF:        It makes you vulnerable to fire.
   rC:        It protects you from cold.
   MP:        It affects your magic capacity (+9).
 G - an amulet of the acrobat
 J - the amulet of Hinwot (around neck) {Regen+ Dex+4}
   (You took it off an orc wizard in the Dungeon)

   [amulet of regeneration]

   Dex:       It affects your dexterity (+4).
   Regen:     It increases your rate of health regeneration.
 O - a ring of see invisible
 P - a ring of the Octopus King (right hand) {Wiz HP+2 AC+2 EV+2 SH+2}
   (You found it in the Dungeon)

   [ring of wizardry]

   It improves your spell success rate.
   AC:        It affects your AC (+2).
   EV:        It affects your evasion (+2).
   HP:        It affects your health (+2).
   SH:        It affects your SH (+2).
Wands
 u - a wand of mindburst (1)
Scrolls
 l - 7 scrolls of fog
 m - 5 scrolls of identify
 D - 4 scrolls of enchant armour
Potions
 b - 7 potions of curing
 d - 6 potions of haste
 e - 3 potions of berserk rage
 g - 2 potions of brilliance
 i - 4 potions of resistance
 k - 5 potions of might
Miscellaneous
 j - a lightning rod (4/4)
 E - a box of beasts
 N - a phantom mirror


   Skills:
 - Level 15.0 Fighting
 + Level 0.0 Armour
 - Level 10.2 Dodging
 - Level 8.5 Stealth
 - Level 10.2 Spellcasting
 - Level 15.0 Invocations
 - Level 10.0 Evocations


You had 6 spell levels left.
You knew the following spells:

 Your Spells              Type           Power      Damage    Failure   Level
a - Foxfire               Conj/Fire      100%       2x1d9     4%          1
b - Scorch                Fire           100%       2d10      7%          2
c - Conjure Flame         Conj/Fire      72%        6-21      14%         3
d - Inner Flame           Hex/Fire       72%        N/A       14%         3
e - Flame Wave            Conj/Fire      72%        2d16      41%         4
f - Magic Dart            Conj           100%       1d8       4%          1
g - Passwall              Tmut/Erth      60%        N/A       7%          2
h - Searing Ray           Conj           100%       2d8       7%          2
i - Call Canine Familiar  Summ           72%        N/A       14%         3
j - Passage of Golubria   Tloc           72%        N/A       41%         4
Your spell library was empty.

Dungeon Overview and Level Annotations

Branches:
Dungeon (1/1)

Altars:
Ashenzari
Cheibriados
Dithmenos
Elyvilon
Fedhas
Gozag
Hepliaklqana
Makhleb
Nemelex Xobeh
Okawaru
Qazlal
Ru
Trog
Uskayaw
Wu Jian
Xom
Yredelemnul
Zin
The Shining One
Jiyva
Lugonu


Innate Abilities, Weirdness & Mutations

You are immune to sickness and miasma.
You are immune to poison.
Your flesh is very heat resistant. (rF++)
You are vulnerable to cold. (rC-)
You float through the air rather than walking.
You learn spells naturally, not from books.
Your magical power is your life essence.
You have superior vitality. (+4 MHP)


Message History

Okay, then.
Okay, then.
Activating: Slouch (0% risk of failure)
Press: ? - help, Dir - look around, f - activate You can feel time thicken for a moment.
Cheibriados lowers the support of your attributes as your movement quickens.
The hellion hits you.
The war gargoyle hits you with a +0 morningstar of holy wrath!
The war gargoyle hits you with a +1 morningstar of freezing!
The war gargoyle freezes you. The crystal echidna closely misses you.
The ancient champion hits you with a +2 battleaxe of flaming.
Okay, then.
Activating: Slouch (0% risk of failure)
Press: ? - help, Dir - look around, f - activate You can feel time thicken for a moment.
You destroy the war gargoyle!
Cheibriados appreciates the change of pace.
You kill the hellion!
Cheibriados thoroughly appreciates the change of pace.
Cheibriados raises the support of your attributes as your movement slows.
You destroy the war gargoyle!
Cheibriados thoroughly appreciates the change of pace.
Cheibriados raises the support of your attributes as your movement slows.
You destroy the war gargoyle!
Cheibriados thoroughly appreciates the change of pace.
Cheibriados raises the support of your attributes as your movement slows.
You destroy the war gargoyle!
Cheibriados thoroughly appreciates the change of pace.
Cheibriados raises the support of your attributes as your movement slows.
You destroy the ancient champion!
Cheibriados thoroughly appreciates the change of pace.
Cheibriados lowers the support of your attributes as your movement quickens.
An iron dragon comes into view.
The ancient champion gestures at you while chanting.
The iron shot hits you!!
* * * LOW HITPOINT WARNING * * *
The iron golem hits you!
* * * LOW HITPOINT WARNING * * *
The iron golem hits you!
You die...

▓...8©8...▓.
▓...:..:..▓.
▓..)D||}..▓..):}}}..▓.
▓.........▓.........▓.
▓.........▓......)..▓.
▓.........▓.........▓.
▓....).)..▓.........▓.
▓...9r)...▓.........▓.
▓..).@)...▓.▓.....▓.▓.
▓...z©....▓....©....▓▓
▓▓▓▓▓▓▓▓▓▓▓▓▓▓▓▓▓▓▓▓▓


You could see an iron golem, an iron dragon (wandering), an ancient champion and
a crystal echidna.

Vanquished Creatures
  A tentacled monstrosity (D)
  An ancient champion (D)
  4 war gargoyles (D)
  A dancing weapon (D)
  A deep elf pyromancer (D)
  2 deep elf zephyrmancers (D)
  A wolf spider (D)
  7 toenail golems (D)
  3 draconians (D)
  A smoke demon (D)
  A gargoyle (D)
  A hellion (D)
  A freezing wraith (D)
  4 merfolk (D)
  A raiju (D)
  A tarantella (D)
  2 jumping spiders (D)
  A large abomination (D)
  A hog (shapeshifter) (D)
  3 redbacks (D)
  A small abomination (D)
  A chaos spawn (D)
  An orc warrior (D)
  2 ice beasts (shapeshifter) (D)
  2 scorpions (D)
  5 earth elementals (D)
  A howler monkey (shapeshifter) (D)
  2 crimson imps (D)
  A quasit (D)
  An iron imp (D)
  2 orc wizards (D)
  A white imp (D)
  An ufetubus (D)
  An adder skeleton (D)
  4 orcs (D)
64 creatures vanquished.

Vanquished Creatures (collateral kills)
  An ugly thing (D)
  A small abomination (D)
  An earth elemental (D)
  A wight (D)
4 creatures vanquished.

Vanquished Creatures (others)
  A fire elemental (D)
  2 foxfires (D)
3 creatures vanquished.

Grand Total: 71 creatures vanquished

Notes
Turn   | Place    | Note
-------+----------+-------------------------------------------
     0 | D        | enile the Djinni Fire Elementalist began the quest for the
                  | Orb.
     0 | D        | enile set off with the following spells memorised: Foxfire,
                  | Scorch, Conjure Flame, Inner Flame, Flame Wave.
     0 | D        | Reached XP level 1. HP: 15/15 MP: 0/0
     0 | D        | Found a sacrificial altar of Ru.
     0 | D        | Found a bloodstained altar of Trog.
     0 | D        | Found a stormy altar of Qazlal.
     0 | D        | Found an iron altar of Okawaru.
     0 | D        | Found a sparkling altar of Nemelex Xobeh.
     0 | D        | Found a blossoming altar of Fedhas.
     0 | D        | Found the +6 Majin-Bo {vamp, MP+6 Int+6}
     0 | D        | Found the +9 heavy crossbow "Sniper" {vorpal, Acc+∞ SInv}
     0 | D        | Found the +10 dark maul {vorpal}
     0 | D        | Found the +15 Maxwell's patent armour {-Cast -Tele rElec
                  | Will+ rCorr}
     0 | D        | Found the +18 shield of the Gong {rElec rN+ Will+ EV-5}
     0 | D        | Found the +14 obsidian axe {vorpal, Mesm Drain Fly SInv}
     0 | D        | Found the +7 great mace "Firestarter" {inner flame, rF++}
     0 | D        | Found the +6 shillelagh "Devastator" {shatter}
     0 | D        | Found the +11 plutonium sword {Contam Stlth-}
     0 | D        | Found the +8 lance "Wyrmbane" {slay drac, rPois rF+ rC+
                  | AC+3}
     0 | D        | Found the +9 sword of Zonguldrok {reap}
     0 | D        | Found the +13 scythe of Curses {drain, Drain}
     0 | D        | Found the +5 sword of Power {vorpal}
     0 | D        | Found the +7 mace of Variability {chain chaos}
     0 | D        | Found the +7 Singing Sword {vorpal, sonic wave}
     0 | D        | Found the +8 storm bow {elec, penet}
     2 | D        | Found a transporter.
     2 | D        | Found a viscous altar of Jiyva.
     2 | D        | Found a corrupted altar of Lugonu.
     2 | D        | Found a hazy altar of Hepliaklqana.
     2 | D        | Found a burning altar of Makhleb.
     2 | D        | Found an opulent altar of Gozag.
    35 | D        | Reached skill level 5 in Fighting
    35 | D        | Reached skill level 5 in Evocations
    35 | D        | Reached XP level 2. HP: 28/28 MP: 0/0
    57 | D        | Became a worshipper of Cheibriados the Contemplative
   100 | D        | Entered arena 2.
   100 | D        | Noticed an earth elemental
   100 | D        | Noticed a +1 short sword of protection
   100 | D        | Found a transporter.
   102 | D        | Entered arena 3.
   102 | D        | Noticed a draconian
   102 | D        | Noticed a draconian
   102 | D        | Noticed a draconian
   102 | D        | Found a transporter.
   110 | D        | Killed a draconian
   110 | D        | Killed a +1 short sword of protection
   110 | D        | Reached * piety under Cheibriados
   111 | D        | Reached skill level 10 in Dodging
   111 | D        | Reached XP level 3. HP: 11/33 MP: 0/0
   111 | D        | Learned a level 1 spell: Magic Dart
   111 | D        | Reached XP level 4. HP: 13/39 MP: 0/0
   111 | D        | Reached XP level 5. HP: 14/43 MP: 0/0
   111 | D        | Learned a level 2 spell: Passwall
   111 | D        | Reached XP level 6. HP: 16/49 MP: 0/0
   111 | D        | Reached XP level 7. HP: 18/54 MP: 0/0
   111 | D        | Learned a level 2 spell: Searing Ray
   111 | D        | Reached XP level 8. HP: 19/59 MP: 0/0
   113 | D        | Killed a draconian
   114 | D        | Killed a draconian
   114 | D        | Reached ** piety under Cheibriados
   115 | D        | Reached skill level 10 in Fighting
   115 | D        | Reached XP level 9. HP: 25/74 MP: 0/0
   115 | D        | Learned a level 3 spell: Call Canine Familiar
   347 | D        | Entered arena 4.
   347 | D        | Found the ring of the Octopus King {rC+ HP+2 AC+2 EV+2
                  | SH+2}
   347 | D        | Noticed a deep elf pyromancer
   347 | D        | Noticed a deep elf zephyrmancer
   347 | D        | Noticed a deep elf zephyrmancer
   347 | D        | Found a transporter.
   355 | D        | Killed a deep elf zephyrmancer
   360 | D        | Killed a deep elf pyromancer
   364 | D        | Killed a deep elf zephyrmancer
   364 | D        | Reached *** piety under Cheibriados
   365 | D        | Reached skill level 10 in Invocations
   365 | D        | Reached XP level 10. HP: 45/83 MP: 0/0
   532 | D        | Got a ring of the Octopus King {rC+ HP+2 AC+2 EV+2 SH+2}
   547 | D        | Entered arena 5.
   547 | D        | Found a transporter.
   561 | D        | Reached **** piety under Cheibriados
   772 | D        | Entered arena 6.
   772 | D        | Noticed a red ugly thing
   772 | D        | Found a transporter.
   778 | D        | Reached ***** piety under Cheibriados
   782 | D        | Killed a red ugly thing
   908 | D        | Entered arena 7.
   913 | D        | Reached skill level 15 in Fighting
   915 | D        | Reached ****** piety under Cheibriados
  1129 | D        | Found a transporter.
  1155 | D        | Entered arena 8.
  1155 | D        | Noticed a gargoyle
  1155 | D        | Noticed a toenail golem
  1157 | D        | Killed a gargoyle
  1160 | D        | Killed a toenail golem
  1161 | D        | Reached XP level 11. HP: 83/95 MP: 0/0
  1161 | D        | Learned a level 4 spell: Passage of Golubria
  1167 | D        | Noticed a toenail golem
  1173 | D        | Killed a toenail golem
  1178 | D        | Found a transporter.
  1450 | D        | Got the +0 morningstar of Wealth {drain, Fly rN+ Str+3}
  1455 | D        | Entered arena 9.
  1457 | D        | Reached skill level 10 in Evocations
  1457 | D        | Identified the amulet of Hinwot {Regen+ Dex+4}
  1517 | D        | Found a transporter.
  1533 | D        | Entered arena 10.
  1533 | D        | Noticed a toenail golem
  1533 | D        | Noticed a toenail golem
  1533 | D        | Noticed a toenail golem
  1536 | D        | Killed a toenail golem
  1536 | D        | Killed a toenail golem
  1538 | D        | Killed a toenail golem
  1591 | D        | Noticed a toenail golem
  1591 | D        | Noticed a toenail golem
  1594 | D        | Killed a toenail golem
  1594 | D        | Killed a toenail golem
  1599 | D        | Found a transporter.
  1723 | D        | Got the ring of Saoddyrr {rF+ Int+3}
  1732 | D        | Got the +1 pair of gloves of Existentialism {Harm rC-
                  | Slay-6 SInv}
  1739 | D        | Entered arena 11.
  1739 | D        | Found the ring of the Octopus King {Wiz HP+2 AC+2 EV+2
                  | SH+2}
  1739 | D        | Noticed a wolf spider
  1741 | D        | Killed a wolf spider
  1742 | D        | Reached skill level 15 in Invocations
  1778 | D        | Found a transporter.
  1789 | D        | Got a ring of the Octopus King {Wiz HP+2 AC+2 EV+2 SH+2}
  1802 | D        | Got the +8 mace of the Baking Boar {speed, Will- Int+4}
  1820 | D        | Entered arena 12.
  1821 | D        | Noticed a tentacled monstrosity
  1822 | D        | Identified the ring of the Messenger {Ice MP+9 Int+2 Dex+5}
  1825 | D        | Identified the +6 mace of Natyuh {pain, Dex+3}
  1838 | D        | Killed a tentacled monstrosity
  1839 | D        | Reached skill level 10 in Spellcasting
  1839 | D        | Reached XP level 12. HP: 26/102 MP: 0/0
  1918 | D        | Found a transporter.
  1926 | D        | Entered arena 13.
  1927 | D        | Noticed an ancient champion
  1927 | D        | Noticed an ancient champion
  1927 | D        | Noticed a war gargoyle
  1927 | D        | Noticed an ancient champion
  1927 | D        | Noticed a war gargoyle
  1928 | D        | Noticed a crystal echidna
  1928 | D        | Noticed an iron golem
  1928 | D        | Noticed a war gargoyle
  1928 | D        | Noticed a war gargoyle
  1930 | D        | Killed a war gargoyle
  1930 | D        | Killed a war gargoyle
  1930 | D        | Killed a war gargoyle
  1930 | D        | Killed a war gargoyle
  1930 | D        | Killed an ancient champion
  1930 | D        | Noticed an iron dragon
  1930 | D        | Slain by an iron golem

Illustrated notes

Levels and vault maps discovered:
D:        sprint_v [room_start, room_1, room_2, room_3, room_4, room_5, room_6,
          room_7, room_8, room_9, room_10, room_11, room_12, room_13, room_14,
          room_15, room_16, room_17, room_18, room_19, room_20, room_21,
          room_22, room_23, room_24, room_25, room_26, room_27]

Skill      XL: |  1  2  3  4  5  6  7  8  9 10 11 |
---------------+----------------------------------+-----
Fighting       | 5 10 11 15 | 15.0
Evocations     | 5 8 10 | 10.0
Dodging        | 10 | 10.2
Stealth        | 8 |  8.5
Spellcasting   | 7 10 | 10.2
Invocations    | 3 10 15 | 15.0

Action                   |  1- 3 |  4- 6 |  7- 9 | 10-12 || total
-------------------------+-------+-------+-------+-------++-------
Melee: Great mace        |       |       |       |    32 ||    32
 Fire: Heavy crossbow    |       |       |     7 |     1 ||     8
 Cast: Foxfire           |       |       |       |     1 ||     1
Invok: Slouch            |       |       |       |    23 ||    23
       Step From Time    |       |       |       |     3 ||     3
Evoke: Wand              |     3 |       |     4 |    13 ||    20
       Lightning rod     |       |       |     2 |    14 ||    16
       Box of beasts     |       |       |       |     5 ||     5
       Phantom mirror    |       |       |       |     2 ||     2
  Use: Potion            |     2 |       |     6 |     8 ||    16
       Scroll            |     2 |       |     2 |     2 ||     6
 Stab: Invisible         |       |       |       |     1 ||     1
Armor: Gold dragon scale |     5 |       |    18 |    39 ||    62
Dodge: Dodged            |       |       |       |    45 ||    45
Block: Other             |       |       |       |     8 ||     8

Table legend: (Time is in decaauts)
 A = Elapsed time spent in this place.
 B = Non-inter-level travel time spent in this place.
 C = Inter-level travel time spent in this place.
 D = Time resting spent in this place.
 E = Time spent auto-exploring this place.
 F = Levels seen in this place.
 G = Mean time per level.
                   A        B        C        D        E       F      G
               +--------+--------+--------+--------+--------+-----+--------+
         Total |   2114 |   2114 |      0 |      0 |   1546 |   1 | 2114.0 |
       Dungeon |   2114 |   2114 |      0 |      0 |   1546 |   1 | 2114.0 |
               +--------+--------+--------+--------+--------+-----+--------+

Top non-repeatable levels by time:
       D: 2114 daAuts
